 Dungeon Crawl Stone Soup version 0.18.1-48-g4cf74bf (webtiles) character file.

32 mindo the Magician (level 3, -1/19 HPs)
             Began as a Deep Elf Wizard on June 25, 2016.
             Killed from afar by Sigmund (6 damage)
             ... with a puff of flame
             ... on level 2 of the Dungeon.
             The game lasted 00:10:26 (1646 turns).

mindo the Magician (Deep Elf Wizard)                Turns: 1646, Time: 00:10:26

Health: -1/19      AC:  2    Str:  4    XL:     3   Next: 8%
Magic:  7/11       EV: 12    Int: 23    God:
Gold:   81         SH:  0    Dex: 13    Spells: 3 memorised, 6 levels left

rFire  . . .     SeeInvis .     m - +4 short sword (speed)
rCold  . . .     Gourm    .     a - +0 robe
rNeg   . . .     Faith    .     (no shield)
rPois  .         Spirit   .     b - +0 hat
rElec  .         Dismiss  .     (no cloak)
rCorr  .         Reflect  .     (no gloves)
SustAt .         Harm     .     (no boots)
MR     .....                    (no amulet)
Stlth  ++........               (no ring)
                                (no ring)

@: very slightly contaminated, not resistant to hostile enchantments, unstealthy
A: no striking features
a: no special abilities


You were on level 2 of the Dungeon.
You were not hungry.

You visited 1 branch of the dungeon, and saw 2 of its levels.

You collected 81 gold pieces.

Inventory:

Hand Weapons
 m - a +4 short sword of speed (weapon)
Armour
 a - a +0 robe (worn)
 b - a +0 hat (worn)
 j - a cursed +0 cloak
Jewellery
 f - an uncursed amulet of magic regeneration {unknown}
Scrolls
 d - a scroll of recharging {unknown}
 g - 4 scrolls of identify {unknown}
 h - a scroll of random uselessness {unknown}
 l - 2 scrolls of immolation {unknown}
Potions
 e - a potion of cure mutation {unknown}
 i - a potion of haste {unknown}
 o - a potion of heal wounds {unknown}
Books
 c - a book of Minor Magic

   Spells                             Type                      Level
   a - Magic Dart                     Conjuration                  1
   b - Blink                          Translocation                2
   c - Call Imp                       Summoning                    2
   d - Repel Missiles                 Charms/Air                   2
   e - Slow                           Hexes                        2
   f - Conjure Flame                  Conjuration/Fire             3
   g - Mephitic Cloud                 Conjuration/Poison/Air       3
 k - a book of Conjurations

   Spells                             Type                      Level
   a - Magic Dart                     Conjuration                  1
   b - Searing Ray                    Conjuration                  2
   c - Dazzling Spray                 Conjuration/Hexes            3
   d - Fulminant Prism                Conjuration/Hexes            4
   e - Iskenderun's Mystic Blast      Conjuration                  4
   f - Iskenderun's Battlesphere      Conjuration/Charms           5
Comestibles
 n - a meat ration


   Skills:
 - Level 2.4 Dodging
 + Level 3.0 Stealth
 + Level 4.9 Spellcasting
 + Level 2.4 Conjurations
 - Level 1.1 Summonings
 - Level 1.1 Translocations


You had 6 spell levels left.
You knew the following spells:

 Your Spells              Type           Power        Failure   Level  Hunger
a - Magic Dart            Conj           ###.         3%          1    None
b - Blink                 Tloc           N/A          12%         2    None
c - Call Imp              Summ           ##......     12%         2    None


Dungeon Overview and Level Annotations

Branches:
Dungeon (2/15)

Altars:
Qazlal

Annotations:
D:2 Sigmund


Message History

A magic dart appears from out of thin air!
The magic dart hits you!
* * * LOW HITPOINT WARNING * * *
Casting: Magic Dart
Confirm with . or Enter, or press ? or * to list all spells.
You miscast Blink.
You are very lightly contaminated with residual magic.
Nothing appears to happen.
Casting: Blink
Confirm with . or Enter, or press ? or * to list all spells.
You blink.
Found a silvery potion and a murky golden potion.
Found a scroll labeled TENGISTREHY.
You see here a meat ration.
A rat comes into view.
The rat moves out of view.
The quokka bites you but does no damage.
A puff of flame appears from out of thin air!
The puff of flame hits you!
You die...

.# #.. [# #.##### ### .#
#..... ..# .# #...# #.#
.## #...# #.# ###
..####.(.#### #.# ...#
..#...>.....# #.##?..##
............####........
#.#...........).@.......
##.#.....##........r....
##...).........r##...##
#.#.....#.......# ..#
#!##..####.......# ## .#
#..####..%....## ##
#.................
#..####.......###.
#............!...


You could see a quokka and a rat.

Vanquished Creatures
  2 dart slugs (D:1)
  A giant gecko (D:2)
  A hobgoblin (D:2)
  A jackal (D:1)
  A quokka (D:2)
  6 bats
  2 giant newts (D:2)
  5 kobolds
  3 rats
22 creatures vanquished.

Vanquished Creatures (collateral kills)
  A hobgoblin (D:2)
  A jackal (D:1)
  A kobold (D:1)
  A rat (D:2)
4 creatures vanquished.

Grand Total: 26 creatures vanquished

Notes
Turn   | Place    | Note
--------------------------------------------------------------
     0 | D:1      | mindo the Deep Elf Wizard began the quest for the Orb.
     0 | D:1      | Reached XP level 1. HP: 10/10 MP: 7/7
   301 | D:1      | Reached XP level 2. HP: 7/15 MP: 3/9
   454 | D:1      | Learned a level 2 spell: Blink
   457 | D:1      | Learned a level 2 spell: Call Imp
  1161 | D:2      | Noticed Sigmund
  1278 | D:2      | Found a stormy altar of Qazlal.
  1361 | D:2      | Reached XP level 3. HP: 18/19 MP: 2/11
  1646 | D:2      | Killed from afar by Sigmund

Skill      XL: |  1  2 |
---------------+-------+-----
Conjurations   | 2 |  2.4
Stealth        | 3 |  3.0
Dodging        | |  2.4
Spellcasting   | |  4.9
Summonings     | |  1.1
Translocations | |  1.1

Action                   || total
-------------------------++-------
Melee: Unarmed           ||     2
       Short sword       ||     4
 Cast: Magic Dart        ||    44
       Call Imp          ||     6
       Blink             ||     1
  Eat: Bread ration      ||     1
Armor: Robe              ||     7
Dodge: Dodged            ||    29
